 Dungeon Crawl Stone Soup version 0.20.1-1-g8b1a95d (webtiles) character file.

58 Jawreze the Skirmisher (level 3, 0/29 HPs)
             Began as a Mummy Fighter on Aug 27, 2017.
             Slain by a gnoll sergeant
             ... wielding a +1 spear of piercing
             ... created by the fury of Okawaru
              (1 damage)
             ... on level 3 of the Dungeon.
             The game lasted 00:03:46 (1990 turns).

Jawreze the Skirmisher (Mummy Fighter)              Turns: 1990, Time: 00:03:47

Health: 0/29       AC:  6    Str: 19    XL:     3   Next: 76%
Magic:  3/3        EV:  9    Int:  7    God:
Gold:   153        SH:  4    Dex: 12    Spells: 2/2 levels left

rFire    x . .     SeeInvis .   a - +0 trident
rCold    + . .     Gourm    .   h - +0 buckler
rNeg     + + +     Faith    .   b - +0 scale mail
rPois    ∞         Spirit   .   (no helmet)
rElec    .         Reflect  .   (no cloak)
rCorr    .         Harm     .   (no gloves)
MR       .....                  (no boots)
Stlth    ..........             (no amulet)
Regen    0.1/turn               (no ring)
MPRegen  0.1/turn               (no ring)

@: no status effects
A: no food or potions, fire vulnerability, cold resistance 1, negative energy
resistance 3, torment resistance, unbreathing
a: no special abilities


You were on level 3 of the Dungeon.
You were not hungry.

You visited 1 branch of the dungeon, and saw 3 of its levels.

You collected 153 gold pieces.

Inventory:

Hand Weapons
 a - a +0 trident (weapon)
Armour
 b - a +0 scale mail (worn)
 c - a +0 shield
 h - a +0 buckler (worn)
Jewellery
 j - a cursed amulet of inaccuracy {unknown}
Scrolls
 d - a scroll of teleportation {unknown}
 e - 2 scrolls of fear {unknown}
 f - a scroll of remove curse {unknown}
 g - a scroll of enchant armour {unknown}
 i - a scroll of magic mapping {unknown}
 k - 3 scrolls of identify {unknown}
 l - a scroll of enchant weapon {unknown}
 m - a scroll of recharging {unknown}


   Skills:
 - Level 3.0 Fighting
 * Level 2.8 Polearms
 - Level 2.4 Armour
 + Level 3.0 Shields


You had 2 spell levels left.
You didn't know any spells.

Dungeon Overview and Level Annotations

Branches:
Dungeon (3/15)

Altars:
Cheibriados
Okawaru
The Shining One


Innate Abilities, Weirdness & Mutations

You do not eat or drink.
Your flesh is vulnerable to fire.
You are immune to poison.
Your flesh is cold resistant. (rC+)
You are immune to negative energy. (rN+++)
You are immune to unholy pain and torment.
You can survive without breathing.


Message History

The gnoll sergeant hits you from afar with a spear of piercing!
* * * LOW HITPOINT WARNING * * *
x2 The giant cockroach waves its antennae.
The giant cockroach barely misses you.
A gnoll comes into view. It is wielding a halberd.
You hit the giant cockroach.
The giant cockroach is severely wounded.
The gnoll sergeant closely misses you.
The giant cockroach bites you but does no damage.
The gnoll sergeant hits you but does no damage.
You barely miss the giant cockroach.
The giant cockroach is severely wounded.
The giant cockroach closely misses you. You block the giant cockroach's attack.
The gnoll sergeant hits you but does no damage.
You hit the giant cockroach but do no damage.
The giant cockroach is severely wounded.
The giant cockroach barely misses you.
The gnoll sergeant hits you from afar with a spear of piercing.
* * * LOW HITPOINT WARNING * * *
You die...

#.........####
#............#
#..........#.#
#..........#g#
#........gg#gg
#######+#g####
#g# #.# #@#
#s# #.# #.#
#.# #.# #.#
#.#


You could see a gnoll sergeant, 3 gnolls and a giant cockroach.

Vanquished Creatures
  An adder (D:2)
  A gnoll (D:3)
  An ooze (D:2)
  3 worms (D:2)
  A dart slug (D:1)
  4 leopard geckos
  4 bats
  4 goblins
  3 hobgoblins (D:1)
  2 jackals (D:2)
  A quokka (D:2)
  4 frilled lizards
  A kobold (D:1)
  2 rats (D:1)
32 creatures vanquished.

Notes
Turn   | Place    | Note
-------+----------+-------------------------------------------
     0 | D:1      | Jawreze the Mummy Fighter began the quest for the Orb.
     0 | D:1      | Reached XP level 1. HP: 18/18 MP: 1/1
   163 | D:1      | Reached XP level 2. HP: 16/24 MP: 2/2
  1049 | D:2      | Reached XP level 3. HP: 10/29 MP: 3/3
  1262 | D:2      | Found an iron altar of Okawaru.
  1312 | D:2      | Became a worshipper of Warmaster Okawaru
  1460 | D:2      | Found a snail-covered altar of Cheibriados.
  1460 | D:2      | Found a glowing golden altar of the Shining One.
  1490 | D:2      | Fell from the grace of Okawaru
  1976 | D:3      | Noticed a gnoll sergeant
  1990 | D:3      | HP: 1/29 [gnoll sergeant/spear of piercing[the fury of Okawaru] (2)]
  1990 | D:3      | Slain by a gnoll sergeant

Skill      XL: |  1  2  3 |
---------------+----------+-----
Polearms       | 2 |  2.8
Shields        | 3 |  3.0
Fighting       | |  3.0
Armour         | |  2.4

Action                   || total
-------------------------++-------
Melee: Trident           ||   163
Invok: Renounce Religion ||     1
Armor: Scale mail        ||    55
Dodge: Dodged            ||    53
Block: Shield            ||    25
       Buckler           ||    15
